 Dungeon Crawl Stone Soup version 0.22-a0-617-g6d95e9e (webtiles) character file.

4 Hebeh the Firebug (level 1, -1/10 HPs)
             Began as a Deep Elf Fire Elementalist on July 12, 2018.
             Slain by a hobgoblin
             ... wielding a +0 club
              (2 damage)
             ... on level 1 of the Dungeon.
             The game lasted 00:00:38 (80 turns).

Hebeh the Firebug (Deep Elf Fire Elementalist)        Turns: 80, Time: 00:00:38

Health: -1/10      AC:  2    Str:  5    XL:     1   Next: 50%
Magic:  0/6        EV: 13    Int: 19    God:
Gold:   0          SH:  0    Dex: 15    Spells: 5/6 levels left

rFire    . . .     SeeInvis .   d - +0 whip
rCold    . . .     Gourm    .   (no shield)
rNeg     . . .     Faith    .   a - +0 robe
rPois    .         Spirit   .   (no helmet)
rElec    .         Reflect  .   (no cloak)
rCorr    .         Harm     .   (no gloves)
MR       .....                  (no boots)
Stlth    ++........             (no amulet)
HPRegen  0.03/turn              (no ring)
MPRegen  0.10/turn              (no ring)

@: no status effects
A: no striking features
a: no special abilities


You were on level 1 of the Dungeon.
You were not hungry.

You visited 1 branch of the dungeon, and saw 1 of its levels.

Inventory:

Hand Weapons
 d - a +0 whip (weapon)
Armour
 a - a +0 robe (worn)
Scrolls
 b - 4 scrolls of blinking {unknown}
Comestibles
 c - a ration


   Skills:
 - Level 2.4 Dodging
 - Level 2.4 Stealth
 + Level 3.1 Spellcasting
 * Level 1.4 Conjurations
 + Level 3.3 Fire Magic


You had 5 spell levels left.
You knew the following spells:

 Your Spells              Type           Power        Failure   Level  Hunger
a - Flame Tongue          Conj/Fire      ##...        5%          1    None

Your spell library contained the following spells:

 Spells                   Type           Power        Failure   Level  Hunger
 Fireball                 Conj/Fire      ##........   83%         5    ######.
 Conjure Flame            Conj/Fire      ##......     17%         3    ###....
 Throw Flame              Conj/Fire      ##....       9%          2    ##.....
 Sticky Flame             Conj/Fire      ##......     50%         4    ####...
 Inner Flame              Hex/Fire       #.......     22%         3    ###....


Dungeon Overview and Level Annotations

Branches:
Dungeon (1/15)

Altars:


Message History

The bat misses you. The bat hits you. The bat hits you but does no damage.
Casting: Flame Tongue (safe; 5% risk of failure)
Confirm with . or Enter, or press ? or * to list all spells.
Aiming: Flame Tongue (safe; 5% risk of failure)
Press: ? - help, Shift-Dir - straight line, f/p - bat
Aim: a bat The flame tongue hits the bat.
The bat is severely wounded.
The bat closely misses you. The bat hits you but does no damage.
You barely miss the bat.
The bat is severely wounded.
The bat barely misses you.
You hit the hobgoblin but do no damage. The bat hits you.
The hobgoblin hits you with a club.
* * * LOW HITPOINT WARNING * * *
You miss the bat.
The bat is moderately wounded.
The bat barely misses you. The hobgoblin hits you with a club.
You die...

#.##......# .# #
#.....# # .. .#
#.##..#.# .# #.#
#.......##########
.....
#.#...####.......#
g#.# #.#.#.#
#.......# ...
#.#.#.## #.....b.#
##†#.## #......#
#.......###.....#
#.#.##.#
#......@g..#.#.##
..#.##.#
#.......###.....#
#.#.##.######.#.##
#.#.## ######...#
#.#.# ....#
..#..#...####.#.#
.#.##
...#.#........#.#
....#
....##......###..
.# ##
.....#...........
.....#....###.###


You could see a hobgoblin and a bat.

Vanquished Creatures
  A hobgoblin (D:1)
  A kobold (D:1)
  2 rats (D:1)
4 creatures vanquished.

Notes
Turn   | Place    | Note
-------+----------+-------------------------------------------
     0 | D:1      | Hebeh the Deep Elf Fire Elementalist began the quest for the Orb.
     0 | D:1      | Reached XP level 1. HP: 10/10 MP: 6/6
    80 | D:1      | Slain by a hobgoblin

Vault maps used:
D:1:      matt_arrival_grand_opening, serial_bayou_pond_c, st_stairs_13,
          minmay_statues_item, minmay_three_crescents

Action                   || total
-------------------------++-------
Melee: Whip              ||     3
 Cast: Flame Tongue      ||    10
Armor: Robe              ||     3
Dodge: Dodged            ||    10

Table legend:
 A = Spawn XP
 B = Non-spawn XP
 C = Spawn XP percentage of total XP
 D = Spawn monster count
 E = Non-spawn monster count
 F = Spawn count percentage of total count
 G = Total turns spent on level
                    A         B        C        D         E        F      G
               +---------+---------+-------+---------+---------+-------+---------
         Total |       0 |       6 |   0.0 |       0 |       4 |   0.0 |    80
               +---------+---------+-------+---------+---------+-------+---------
           D:1 |       0 |       6 |   0.0 |       0 |       4 |   0.0 |    80
               +---------+---------+-------+---------+---------+-------+---------
